 Dungeon Crawl Stone Soup version 0.26-a0-180-ge96aa7da28 (webtiles) character file.

Game seed: 17536408775125761025

2 Flugslaktarn the Chiller (level 1, -2/9 HPs)
             Began as a Vine Stalker Ice Elementalist on July 3, 2020.
             Killed from afar by a dart slug (6 damage)
             ... with a slug dart
             ... on level 1 of the Dungeon.
             The game lasted 00:00:09 (39 turns).

Flugslaktarn the Chiller (VSIE)                       Turns: 39, Time: 00:00:10

Health: -2/9       AC:  2    Str: 10    XL:     1   Next: 30%
Magic:  0/4        EV: 12    Int: 15    God:
Gold:   0          SH:  0    Dex: 14    Spells: 3/4 levels left

rFire    . . .     SeeInvis .   (no weapon)
rCold    . . .     Faith    .   (no shield)
rNeg     . . .     Spirit   +   a - +0 robe
rPois    .         Reflect  .   (no helmet)
rElec    .         Harm     .   (no cloak)
rCorr    .                      (no gloves)
MR       .....                  (no boots)
Stlth    ++........             (no amulet)
HPRegen  0.03/turn              (no ring)
MPRegen  0.09/turn              (no ring)

@: no status effects
A: fangs 2, magic shield, antimagic bite, no potion heal 3, rot immunity
a: no special abilities


You were on level 1 of the Dungeon.
You were not hungry.

You visited 1 branch of the dungeon, and saw 1 of its levels.

Inventory:

Armour
 a - a +0 robe (worn)
Comestibles
 c - a ration


   Skills:
 - Level 1.5 Dodging
 - Level 2.4 Stealth
 + Level 2.2 Spellcasting
 * Level 4.0 Ice Magic


You had 3 spell levels left.
You knew the following spells:

 Your Spells              Type           Power        Failure   Level  Hunger
a - Freeze                Ice            ##..         4%          1    #......

Your spell library contained the following spells:

 Spells                   Type           Power        Failure   Level  Hunger
 Frozen Ramparts          Ice            ##....       12%         3    ###....
 Ozocubu's Armour         Chrm/Ice       #.......     28%         3    ###....
 Hailstorm                Conj/Ice       #.......     67%         4    #####..
 Summon Ice Beast         Ice/Summ       #.......     67%         4    #####..


Dungeon Overview and Level Annotations

Branches:
Dungeon (1/15)

Altars:


Innate Abilities, Weirdness & Mutations

You have extremely sharp teeth.
When hurt, damage is shared between your health and your magic reserves.
Your bite disrupts and absorbs the magic of your enemies.
Potions cannot restore your health.
You are immune to rotting.


Message History

Found a staircase leading out of the dungeon.
You open the door.
The octopode shouts!
There is an open door here.
The vine stalker shouts!
The elf shouts!
The troll shouts!
The spriggan shouts!
The centaur shouts!
The demonspawn shouts!
The felid hisses angrily.
You open the door.
Found a dagger.
There is an open door here.
A frilled lizard, a hobgoblin and a dart slug come into view.
The frilled lizard hisses angrily.
Found a silvery potion.
Casting: Freeze (safe; 4% risk of failure)
Confirm with . or Enter, or press ? or * to list all spells.
Aiming: Freeze (safe; 4% risk of failure)
Press: ? - help, Shift-Dir - straight line, f - frilled lizard
Aim: a frilled lizard You freeze the frilled lizard!
You kill the frilled lizard!
The dart slug closely misses you.
Casting: Freeze (safe; 4% risk of failure)
Confirm with . or Enter, or press ? or * to list all spells.
Aiming: Freeze (safe; 4% risk of failure)
Press: ? - help, Shift-Dir - straight line, f - dart slug
Aim: a dart slug You freeze the dart slug.
The dart slug is moderately wounded.
The hobgoblin hits you but does no damage.
There is an open door here.
Casting: Freeze (safe; 4% risk of failure)
Confirm with . or Enter, or press ? or * to list all spells.
Aiming: Freeze (safe; 4% risk of failure)
Press: ? - help, Shift-Dir - straight line, f - hobgoblin
Aim: a hobgoblin, wielding a +0 club You freeze the hobgoblin.
The hobgoblin is almost dead.
The hobgoblin hits you with a +0 club.
Ouch! That really hurt!
* * * LOW HITPOINT WARNING * * *
You hit the hobgoblin.
You kill the hobgoblin!
The dart slug launches a dart at you. The slug dart hits you.
Ouch! That really hurt!
You die...

.# .# .## #
################# .. ..
#m#c#6#p#M#p#K#d# .###.#
###################.#...##
................@)..).#..#
##################w.......
#O#i#n#H#p#N#h#V#.........
#################.........
........... .............
......#........
...............
...#.#.........


You could see a draconian, a vampire and a dart slug.

Vanquished Creatures
  A hobgoblin (D:1)
  A frilled lizard (D:1)
2 creatures vanquished.

Notes
Turn   | Place    | Note
-------+----------+-------------------------------------------
     0 | D:1      | Flugslaktarn the Vine Stalker Ice Elementalist began the
                  | quest for the Orb.
     0 | D:1      | Reached XP level 1. HP: 9/9 MP: 4/4
     2 | D:1      | Noticed an octopode
     4 | D:1      | Noticed a vine stalker
     6 | D:1      | Noticed a dwarf
     6 | D:1      | Noticed a tengu
     8 | D:1      | Noticed an elf
     8 | D:1      | Noticed a formicid
    10 | D:1      | Noticed a troll
    10 | D:1      | Noticed a gargoyle
    12 | D:1      | Noticed a merfolk
    12 | D:1      | Noticed an ogre
    14 | D:1      | Noticed a centaur
    14 | D:1      | Noticed a spriggan
    16 | D:1      | Noticed a demonspawn
    16 | D:1      | Noticed a ghoul
    18 | D:1      | Noticed a halfling
    18 | D:1      | Noticed a minotaur
    20 | D:1      | Noticed a human
    22 | D:1      | Noticed a demigod
    22 | D:1      | Noticed a naga
    24 | D:1      | Noticed a felid
    26 | D:1      | Noticed a draconian
    26 | D:1      | Noticed a vampire
    39 | D:1      | Killed from afar by a dart slug

Illustrated notes

Levels and vault maps discovered:
D:1:      kb_arrival_jail, layout_rooms

Action                   || total
-------------------------++-------
Melee: Unarmed           ||     1
 Cast: Freeze            ||     3
Dodge: Dodged            ||     1

Table legend:
 A = Non-vault XP
 B = Vault XP
 C = Vault XP percentage of total XP
 D = Non-vault monster count
 E = Vault monster count
 F = Vault count percentage of total count
                 A         B        C        D         E       F
            +---------+---------+-------+---------+---------+-------
      Total |       3 |       0 |   0.0 |       2 |       0 |   0.0
            +---------+---------+-------+---------+---------+-------
        D:1 |       3 |       0 |   0.0 |       2 |       0 |   0.0
            +---------+---------+-------+---------+---------+-------
